 Dungeon Crawl Stone Soup version 0.23-a0-261-g133332c (console) character file.

21 bli the Chiller (level 2, 0/21 HPs)
             Began as a Barachi Ice Elementalist on Sept 29, 2018.
             Slain by a bat (1 damage)
             ... on level 2 of the Dungeon.
             The game lasted 00:04:37 (1096 turns).

bli the Chiller (Barachi Ice Elementalist)          Turns: 1096, Time: 00:04:38

Health: 0/21       AC:  3    Str:  9    XL:     2   Next: 83%
Magic:  1/5        EV: 12    Int: 15    God:
Gold:   54         SH:  0    Dex: 12    Spells: 5/6 levels left

rFire    . . .     SeeInvis .   b - +0 short sword
rCold    . . .     Gourm    .   (no shield)
rNeg     . . .     Faith    .   j - +0 leather armour
rPois    .         Spirit   .   (no helmet)
rElec    .         Reflect  .   (no cloak)
rCorr    .         Harm     .   (no gloves)
MR       .....                  (no boots)
Stlth    ++........             (no amulet)
HPRegen  0.07/turn              (no ring)
MPRegen  0.09/turn              (no ring)

@: slow
A: +LOS, swims, slowness 1, strong legs 1
a: Hop


You were on level 2 of the Dungeon.
You were not hungry.

You visited 1 branch of the dungeon, and saw 2 of its levels.

You collected 54 gold pieces.

Inventory:

Hand Weapons
 a - a +0 dagger
 b - a +0 short sword (weapon)
Missiles
 h - 63 stones (quivered)
Armour
 j - a +0 leather armour (worn)
 k - a +0 robe
Jewellery
 f - a cursed ring of teleportation {unknown}
Scrolls
 d - a scroll of identify {unknown}
 i - a scroll of blinking {unknown}
 l - a scroll of amnesia {unknown}
 o - 2 scrolls of remove curse {unknown}
Potions
 e - a potion of heal wounds {unknown}
 m - a potion of lignification {unknown}
 n - a potion of ambrosia {unknown}
 p - a potion of flight {unknown}
Comestibles
 c - 2 rations
 g - 3 chunks of flesh


   Skills:
 * Level 1.2 Fighting
 + Level 0.2 Armour
 * Level 2.5 Dodging
 + Level 1.9 Stealth
 + Level 2.5 Spellcasting
   Level 1.1 Conjurations
 + Level 3.9 Ice Magic


You had 5 spell levels left.
You knew the following spells:

 Your Spells              Type           Power        Failure   Level  Hunger
a - Freeze                Ice            ##..         6%          1    #......

Your spell library contained the following spells:

 Spells                   Type           Power        Failure   Level  Hunger
 Throw Frost              Conj/Ice       #.....       16%         2    ###....
 Ozocubu's Armour         Chrm/Ice       #.......     38%         3    ###....
 Throw Icicle             Conj/Ice       #.......     71%         4    #####..
 Summon Ice Beast         Ice/Summ       #.......     80%         4    #####..


Dungeon Overview and Level Annotations

Branches:
Dungeon (2/15)

Altars:


Innate Abilities, Weirdness & Mutations

Shadows flee at your approach. (+LOS)
You can swim through water.
You cover ground slowly.
You can hop short distances.


Message History

The worm is moderately wounded.
The bat hits you. The worm bites you!
Casting: Freeze (safe; 6% risk of failure)
Confirm with . or Enter, or press ? or * to list all spells.
Aiming: Freeze (safe; 6% risk of failure)
Press: ? - help, Shift-Dir - straight line, f/p - worm
Aim: a worm (moderately wounded)
You freeze the worm.
The worm is moderately wounded.
The bat hits you but does no damage. The worm bites you!
* * * LOW HITPOINT WARNING * * *
Casting: Freeze (safe; 6% risk of failure)
Confirm with . or Enter, or press ? or * to list all spells.
Aiming: Freeze (safe; 6% risk of failure)
Press: ? - help, Shift-Dir - straight line, f/p - worm
Aim: a worm (moderately wounded)
You freeze the worm.
The worm is moderately wounded.
The bat hits you.
You die...

#......# #......######
####......##...##
#...............
#..........#...#
#..........#...# .
#..(.......#...#
....####..........#...#
##
..........b.......#...#
#. #.@w......##...###.
#####..............
##.############ #.# #.#
... ... r.... .....
......


You could see a worm and a bat.

Vanquished Creatures
  A dart slug (D:1)
  3 goblins (D:1)
  3 hobgoblins
  5 bats
  A frilled lizard (D:1)
  3 kobolds (D:1)
  2 rats (D:1)
18 creatures vanquished.

Notes
Turn   | Place    | Note
-------+----------+-------------------------------------------
     0 | D:1      | bli the Barachi Ice Elementalist began the quest for the
                  | Orb.
     0 | D:1      | Reached XP level 1. HP: 13/13 MP: 3/3
   562 | D:1      | Reached XP level 2. HP: 20/20 MP: 5/5
   606 | D:1      | Reached skill level 1 in Fighting
  1095 | D:2      | HP: 1/21 [worm (9)]
  1096 | D:2      | Slain by a bat

Vault maps used:
D:1:      mushboom_english_gardens

Skill      XL: |  1  2 |
---------------+-------+-----
Fighting       | 1 |  1.2
Armour         | |  0.2
Dodging        | |  2.5
Stealth        | |  1.9
Spellcasting   | |  2.5
Conjurations   | |  1.1
Ice Magic      | |  3.9

Action                   || total
-------------------------++-------
Melee: Short sword       ||    64
 Cast: Freeze            ||    12
 Abil: Hop               ||     1
 Stab: Sleeping          ||     3
  Eat: Chunk             ||     1
Armor: Robe              ||     3
       Leather armour    ||    28
Dodge: Dodged            ||    67

Table legend:
 A = Non-vault XP
 B = Vault XP
 C = Vault XP percentage of total XP
 D = Non-vault monster count
 E = Vault monster count
 F = Vault count percentage of total count
                 A         B        C        D         E       F
            +---------+---------+-------+---------+---------+-------
      Total |      30 |       0 |   0.0 |      18 |       0 |   0.0
            +---------+---------+-------+---------+---------+-------
        D:1 |      25 |       0 |   0.0 |      15 |       0 |   0.0
        D:2 |       5 |       0 |   0.0 |       3 |       0 |   0.0
            +---------+---------+-------+---------+---------+-------
